 Dungeon Crawl Stone Soup version 0.15-a0-1345-gc375f20 (webtiles) character file.

51958 PolkaDot the Maledictor (level 14, -7/85 HPs)
             Began as a Vampire Enchanter on June 7, 2014.
             Was a High Priest of Ashenzari.
             Mangled by a death yak (15 damage)
             ... on Level 8 of the Lair of Beasts on June 8, 2014.
             The game lasted 02:12:21 (23921 turns).

PolkaDot the Maledictor (Vampire Enchanter)        Turns: 23921, Time: 02:12:22

HP  -7/85        AC 16     Str  7      XL: 14   Next: 25%
MP  23/32        EV 15     Int 19      God: Ashenzari [*****.]
Gold 1310        SH  0     Dex 16      Spells: 11 memorised,  1 level left

rFire  + . .     SeeInvis +     a - +5,+4 dagger (curse)
rCold  + + .     Clarity  +     b - +2 robe (curse)
rNeg   + + +     rCorr    .     (no shield)
rPois  +         rRot     +     e - +2 helmet (curse)
rElec  .         Spirit   .     B - +2 cloak {MR+} (curse)
SustAb .         Warding  .     m - +2 pair of gloves (curse)
rMut   .         Stasis   .     d - +2 pair of boots (curse)
Gourm  .                        (no amulet)
MR     ++...                    u - cursed ring of protection from fire
                                p - cursed ring of stealth

@: bloodless, non-regenerating, very resistant to hostile enchantments,
uncannily stealthy
A: bottle blood, fangs 3, see invisible, unbreathing
a: Bat Form, Bottle Blood, Scrying, Transfer Knowledge, Renounce Religion


You were on level 8 of the Lair of Beasts.
You worshipped Ashenzari.
Ashenzari was extremely pleased with you.
You were bloodless.

You visited 3 branches of the dungeon, and saw 20 of its levels.

You collected 1392 gold pieces.
You spent 82 gold pieces at shops.

Inventory:

Hand weapons
 a - a cursed +5,+4 dagger (weapon)
Missiles
 A - 4 throwing nets (quivered)
Armour
 b - a cursed +2 robe (worn)
 d - a cursed +2 pair of boots (worn)
 e - a cursed +2 helmet (worn)
 m - a cursed +2 pair of gloves (worn)
 B - a cursed +2 cloak of magic resistance (worn)
 E - the cursed -1 pair of boots of the Tarantula {rF+ Dam+2}
   (You acquired it on level 7 of the Lair of Beasts)

   It affects your damage with ranged weapons and melee attacks (+2).
   It protects you from fire.
   It has a curse placed upon it.
Magical devices
 c - a wand of teleportation (6)
 f - a wand of cold (7)
 I - a wand of digging (12)
Scrolls
 g - a scroll of vulnerability
 j - 3 scrolls of fog
 l - 3 scrolls of summoning
 n - a scroll of amnesia
 q - 2 scrolls of curse armour
 r - a scroll of immolation
 s - a scroll of blinking
 y - 9 scrolls of teleportation
 z - 3 scrolls of recharging
 C - a scroll of brand weapon {unknown}
 D - a scroll of torment {unknown}
 F - a scroll of fear
 H - 2 scrolls of remove curse
Jewellery
 p - a cursed ring of stealth (left hand)
 u - a cursed ring of protection from fire (right hand)
Potions
 h - a potion of haste
 k - 3 potions of restore abilities
 o - 10 potions of curing
 t - a potion of might
 v - 3 potions of brilliance
 G - 2 potions of confusion {unknown}
Books
 i - a book of Enchantments

   Spells                             Type                      Level
   Tukima's Dance                     Hexes                        3
   *Cause Fear                        Hexes                        4
   Silence                            Hexes/Air                    5
   Deflect Missiles                   Charms/Air                   6
   *Haste                             Charms                       6
   Discord                            Hexes                        8
 w - a book of Debilitation

   Spells                             Type                      Level
   *Corona                            Hexes                        1
   Slow                               Hexes                        2
   *Inner Flame                       Hexes/Fire                   3
   *Enslavement                       Hexes                        4
   *Cause Fear                        Hexes                        4
   Leda's Liquefaction                Hexes/Earth                  4
 J - a book of the Sky

   Spells                             Type                      Level
   *Flight                            Charms/Air                   3
   Airstrike                          Air                          4
   Silence                            Hexes/Air                    5
   Deflect Missiles                   Charms/Air                   6
   Conjure Ball Lightning             Conjuration/Air              6
   Tornado                            Air                          9


   Skills:
 - Level 3.0(6.4) Short Blades
 - Level 2.1(5.1) Dodging
 + Level 18.2(21.4) Stealth
 * Level 10.0 Spellcasting
 + Level 22.1(23.9) Hexes
 - Level 9.2(11.7) Charms


You had one spell level left.
You knew the following spells:

 Your Spells              Type           Power        Failure   Level  Hunger
a - Corona                Hex            #######      0%          1    None
b - Sure Blade            Hex/Chrm       ######....   0%          2    None
c - Confuse               Hex            #######.     0%          3    None
d - Ensorcelled Hibernat  Hex/Ice        ######       1%          2    None
e - Enslavement           Hex            #######.     0%          4    ##.....
f - Cause Fear            Hex            #######...   0%          4    ##.....
h - Haste                 Chrm           ######..     12%         6    ######.
i - Inner Flame           Hex/Fire       ######..     1%          3    None
s - Dazzling Spray        Conj/Hex       ######..     1%          3    None
A - Apportation           Tloc           ##........   10%         1    None
F - Flight                Chrm/Air       ####......   1%          3    None


Dungeon Overview and Level Annotations

Branches:
Dungeon (11/15)            Temple (1/1) D:6             Orc (0/4) D:10
   Lair (8/8) D:10          Swamp (0/5) Lair:3        Snake (0/5) Lair:3
  Slime (0/6) Lair:6

Altars:
Ashenzari
Cheibriados
Dithmenos
Elyvilon
Fedhas
Gozag
Kikubaaqudgha
Makhleb
Nemelex Xobeh
Okawaru
Qazlal
Sif Muna
Trog
Vehumet
Xom
Yredelemnul
Zin
The Shining One
Beogh
Jiyva

Shops:
D:5 !   D:10 !


Innate Abilities, Weirdness & Mutations

You do not heal naturally.
You can bottle blood from corpses.
You have razor-sharp teeth.*
You have supernaturally acute eyesight.
You can survive without breathing.*


Message History

Aim: a death yak (lightly wounded)
The spray of energy hits the death yak.
The death yak is lightly wounded.
The spray of energy hits the plant.
The plant is lightly damaged.
The death yak gores you!
* * * LOW HITPOINT WARNING * * *
Casting: Dazzling Spray
Confirm with . or Enter, or press ? or * to list all spells.
Aiming: Dazzling Spray
Press: ? - help, Shift-Dir - straight line, f/p - death yak
Aim: a death yak (lightly wounded)
The spray of energy hits the death yak.
The death yak is lightly wounded.
The spray of energy hits the death yak.
The death yak is moderately wounded.
The death yak is dazzled.
The death yak gores you!
* * * LOW HITPOINT WARNING * * *
The death yak gores you!
You die...

...........P..##
.......P.......##
........P.......#
......P........##
.........##....##
.........##.....####
P.......#........#.######
.P......##...P.P...##P#.##
PP.......#....P.@........#
P.P...P...PPPPP.YY.....PP##
....#.......#PP.P.<..#.P.P#
........................P##
....................#..P.##
........................#.#
#.....(.................###
##.....≈≈≈.P.....#......#
#.P...≈%%.≈..#.#...#P.##


You could see 2 death yaks.

Vanquished Creatures
  Maud (Lair:6)
  A fire dragon (Lair:8)
  Harold (Lair:6)
  3 hydras
  A death yak (Lair:7)
  A catoblepas (Lair:8)
  Nergalle (Lair:2)
  2 wolf spiders (Lair:8)
  6 griffons
  A red wasp (Lair:8)
  5 elephants
  A guardian serpent (Lair:8)
  9 black mambas
  A queen ant (Lair:3)
  The ghost of Chiseanne the Covered, an experienced DsFi of Gozag (D:6)
  18 spiny frogs
  6 komodo dragons
  An item mimic (Lair:5)
  8 fire drakes
  A hydra zombie (D:9)
  5 blink frogs
  2 basilisks (Lair:6)
  A trapdoor spider (D:10)
  A redback (Lair:8)
  6 sharks
  59 yaks
  A wyvern (Lair:8)
  A hungry ghost (D:10)
  6 hippogriffs
  A mottled dragon (Lair:8)
  3 nagas (Lair:3)
  21 soldier ants
  6 wolves
  4 orc warriors
  2 swamp drakes (Lair:8)
  9 porcupines
  24 water moccasins
  3 yellow wasps (Lair:8)
  An ice beast (D:5)
  6 spiders (Lair:8)
  2 sky beasts
  3 phantoms
  8 ogres
  6 centaurs
  11 crocodiles
  2 boring beetles (Lair:7)
  A gnoll sergeant (D:11)
  A wyvern zombie (D:8)
  12 giant frogs
  A scorpion (D:9)
  An eye of draining (D:10)
  9 killer bees
  7 electric eels
  6 goliath beetles
  A centaur zombie (D:10)
  2 quasits
  8 crimson imps
  3 orc priests
  10 hounds
  A giant frog zombie (D:5)
  6 iguanas
  2 centaur skeletons (D:10)
  8 orc wizards
  36 worker ants
  20 sheep
  A worker ant zombie (D:6)
  3 gnolls (D:11)
  A scorpion zombie (D:7)
  28 adders
  81 green rats
  3 shadow imps
  2 giant mites
  4 worms
  7 giant geckos
  32 orcs
  A bat skeleton (D:8)
  9 giant cockroaches
  14 goblins
  20 hobgoblins
  17 kobolds
  10 quokkas
  2 ball pythons
  25 bats
  8 giant newts
  34 jackals
  3 orc skeletons
  2 orc zombies
  16 rats
  2 fungi
  3 plants
726 creatures vanquished.

Vanquished Creatures (collateral kills)
  2 elephants
  2 blink frogs (Lair:8)
  A yak (Lair:8)
  A hippogriff (Lair:8)
  A porcupine (Lair:6)
  A swamp drake (Lair:8)
  2 crocodiles (Lair:6)
  A killer bee (D:9)
  2 electric eels (Lair:3)
  A hound (D:7)
  An orc wizard (D:10)
  2 orc priests (D:10)
  A sheep (Lair:6)
  2 gnolls (D:11)
  5 green rats (Lair:7)
  6 orcs
  A bat (Lair:6)
  A giant newt (D:6)
  2 quokkas (Lair:6)
35 creatures vanquished.

Vanquished Creatures (others)
  A giant gecko (Lair:6)
  28 fungi
  13 plants
42 creatures vanquished.

Grand Total: 803 creatures vanquished

Notes
Turn   | Place    | Note
--------------------------------------------------------------
     0 | D:1      | PolkaDot, the Vampire Enchanter, began the quest for the Orb.
     0 | D:1      | Reached XP level 1. HP: 13/13 MP: 3/3
   408 | D:1      | Reached XP level 2. HP: 16/19 MP: 2/4
  1060 | D:1      | Learned a level 2 spell: Ensorcelled Hibernation
  1458 | D:1      | Reached XP level 3. HP: 24/24 MP: 3/6
  1612 | D:2      | Learned a level 3 spell: Confuse
  1764 | D:2      | Reached skill level 5 in Hexes
  1768 | D:2      | Reached skill level 5 in Stealth
  2142 | D:2      | Reached XP level 4. HP: 30/30 MP: 0/7
  2519 | D:5      | Entered Level 5 of the Dungeon
  2519 | D:5      | Found a stormy altar of Qazlal.
  2880 | D:3      | Reached skill level 6 in Hexes
  2926 | D:3      | Reached XP level 5. HP: 28/35 MP: 3/9
  3037 | D:3      | Reached skill level 7 in Hexes
  3150 | D:3      | Found a stormy altar of Qazlal.
  3150 | D:3      | Found a sparkling altar of Nemelex Xobeh.
  3150 | D:3      | Found a radiant altar of Vehumet.
  3650 | D:4      | Noticed a moth of wrath
  3652 | D:4      | Found a bloodstained altar of Trog.
  3920 | D:4      | Reached XP level 6. HP: 24/41 MP: 2/10
  3970 | D:4      | Reached skill level 8 in Hexes
  4135 | D:4      | Noticed an ogre
  4179 | D:4      | Killed an ogre
  4265 | D:4      | Noticed an ogre
  4266 | D:4      | Killed an ogre
  4266 | D:4      | Reached skill level 9 in Hexes
  4387 | D:4      | Reached XP level 7. HP: 41/46 MP: 2/12
  4461 | D:4      | Learned a level 4 spell: Enslavement
  4555 | D:4      | Noticed an ogre
  4558 | D:4      | Killed an ogre
  4751 | D:5      | Noticed an ice beast
  4758 | D:5      | Killed an ice beast
  4758 | D:5      | Reached skill level 10 in Hexes
  4902 | D:5      | Upgraded the game from 0.15-a0-1309-g3520d71 to 0.15-a0-1345-gc375f20
  4983 | D:5      | Noticed an air elemental
  4983 | D:5      | Noticed a water elemental
  4983 | D:5      | Noticed a fire elemental
  5008 | D:5      | Found Rati Shri's Distillery.
  5301 | D:5      | Learned a level 2 spell: Sure Blade
  5402 | D:6      | Reached XP level 8. HP: 35/52 MP: 13/16
  5476 | D:6      | Noticed Chiseanne's ghost (experienced DsFi)
  5663 | D:6      | Found a basalt altar of Yredelemnul.
  5887 | D:6      | Found a staircase to the Ecumenical Temple.
  5911 | Temple   | Entered the Ecumenical Temple
  5920 | Temple   | Became a worshipper of Ashenzari the Shackled
  6143 | D:6      | Reached skill level 11 in Hexes
  6335 | D:6      | Found a stormy altar of Qazlal.
  6925 | D:6      | Killed Chiseanne's ghost
  6925 | D:6      | Reached skill level 10 in Stealth
  6925 | D:6      | Reached skill level 12 in Hexes
  6930 | D:6      | Learned a level 3 spell: Dazzling Spray
  7053 | D:7      | Reached skill level 1 in Charms
  7053 | D:7      | Reached XP level 9. HP: 57/57 MP: 20/20
  7537 | D:7      | Reached skill level 13 in Hexes
  7702 | D:7      | Found a snail-covered altar of Cheibriados.
  9315 | D:9      | Reached skill level 14 in Hexes
  9767 | D:9      | Acquired Ashenzari's first power
  9868 | D:9      | Reached XP level 10. HP: 63/63 MP: 18/21
  9913 | D:9      | Reached skill level 5 in Charms
 10148 | D:9      | Found a glowing golden altar of the Shining One.
 10439 | D:9      | Reached skill level 15 in Hexes
 10867 | D:10     | Entered Level 10 of the Dungeon
 11036 | D:10     | Found a staircase to the Orcish Mines.
 11172 | D:10     | Found Wyappat's Distillery.
 11193 | D:10     | Bought a potion of magic for 82 gold pieces
 11207 | D:10     | Found a staircase to the Lair.
 11925 | D:10     | Reached skill level 16 in Hexes
 12149 | D:10     | Found a roughly hewn altar of Beogh.
 12494 | Lair:1   | Entered Level 1 of the Lair of Beasts
 12660 | Lair:1   | Acquired Ashenzari's second power
 12812 | Lair:1   | Reached XP level 11. HP: 68/68 MP: 22/22
 12953 | Lair:1   | Noticed a seven-headed hydra
 12959 | Lair:1   | Killed a seven-headed hydra
 12965 | Lair:1   | Learned a level 4 spell: Cause Fear
 13688 | Lair:2   | Noticed Nergalle
 13707 | Lair:2   | Reached skill level 17 in Hexes
 13910 | Lair:2   | Killed Nergalle
 14191 | Lair:2   | Acquired Ashenzari's third power
 15007 | Lair:3   | Reached skill level 18 in Hexes
 15116 | Lair:3   | Reached skill level 15 in Stealth
 15200 | Lair:3   | Reached XP level 12. HP: 74/74 MP: 23/23
 15221 | Lair:3   | Learned a level 1 spell: Apportation
 15362 | Lair:3   | Found a staircase to the Swamp.
 15522 | Lair:3   | Found a staircase to the Snake Pit.
 15643 | Lair:3   | Reached skill level 19 in Hexes
 17502 | Lair:5   | Reached skill level 5 in Spellcasting
 17792 | Lair:5   | Identified the +7,+0 lajatang of Collusion {slice, +Fly Str+3 Dex+1}
 17970 | Lair:5   | Reached skill level 20 in Hexes
 18032 | Lair:5   | Identified 2 scrolls of acquirement
 18038 | Lair:5   | Acquired Ashenzari's fourth power
 18309 | Lair:6   | Noticed Harold
 18626 | Lair:6   | Killed Harold
 18732 | Lair:6   | Noticed a seven-headed hydra
 18766 | Lair:6   | Killed a seven-headed hydra
 18797 | Lair:6   | Found a viscous altar of Jiyva.
 18797 | Lair:6   | Found a staircase to the Slime Pits.
 19096 | Lair:6   | Noticed Maud
 19121 | Lair:6   | Killed Maud
 19121 | Lair:6   | Reached XP level 13. HP: 74/79 MP: 23/27
 19916 | Lair:7   | Reached skill level 21 in Hexes
 20145 | Lair:7   | Learned a level 3 spell: Inner Flame
 20471 | Lair:7   | Found a snail-covered altar of Cheibriados.
 20597 | Lair:7   | Identified the cursed -1 pair of boots of the Tarantula {rF+ Dam+2} (You acquired it on level 7 of the Lair of Beasts)
 21357 | Lair:8   | Entered Level 8 of the Lair of Beasts
 22447 | Lair:8   | Reached XP level 14. HP: 85/85 MP: 31/31
 22644 | Lair:8   | Learned a level 3 spell: Flight
 22651 | Lair:8   | Learned a level 6 spell: Haste
 23325 | Lair:8   | Reached skill level 22 in Hexes
 23781 | Lair:7   | Reached skill level 10 in Spellcasting
 23921 | Lair:8   | Mangled by a death yak

Action                   |  1- 3 |  4- 6 |  7- 9 | 10-12 | 13-15 || total
-------------------------+-------+-------+-------+-------+-------++-------
Melee: Dagger            |   117 |   128 |   306 |   486 |   293 ||  1330
 Cast: Corona            |     9 |     1 |     2 |     7 |     2 ||    21
       Ensorcelled Hiber |    15 |    46 |    93 |   210 |   151 ||   515
       Confuse           |       |     1 |    18 |    12 |     4 ||    35
       Enslavement       |       |       |    17 |    17 |    31 ||    65
       Sure Blade        |       |       |     1 |       |       ||     1
       Cause Fear        |       |       |       |     1 |     8 ||     9
       Dazzling Spray    |       |       |       |       |    24 ||    24
       Flight            |       |       |       |       |     5 ||     5
       Inner Flame       |       |       |       |       |     4 ||     4
 Abil: End Transformatio |       |       |     1 |       |       ||     1
       Bat Form          |       |       |     1 |       |       ||     1
Evoke: Wand              |       |       |     4 |     5 |     1 ||    10
  Use: Potion            |     1 |     7 |     7 |     4 |     4 ||    23
       Scroll            |       |    14 |    30 |    12 |    11 ||    67
 Stab: Sleeping          |    21 |    31 |   100 |   252 |   137 ||   541
       Distracted        |     2 |       |     2 |    11 |     6 ||    21
       Confused          |       |     1 |    16 |     7 |     2 ||    26
       Betrayed ally     |       |       |       |     4 |     1 ||     5
       Invisible         |       |       |       |       |     4 ||     4
